 Dungeon Sprint DCSS version 0.28-a0-206-gc2c9e32840 (webtiles) character file.

Game seed: 16626863402025478942

40856 MikeHunt the Warrior (level 14, -5/114 HPs)
             Began as a Djinni Summoner on Aug 20, 2021.
             Was a High Priest of Makhleb.
             Slain by an Executioner (10 damage)
             ... summoned by the player character
             ... in the Dungeon (Sprint IX: "|||||||||||||||||||||||||||||").
             The game lasted 00:27:34 (6279 turns).

MikeHunt the Warrior (Djinni Summoner)              Turns: 6279, Time: 00:27:34

Health: -5/114     AC: 21    Str: 21    XL:     14   Next: 47%
Gold:   27         EV: 16    Int: 27    God:    Makhleb [*****.] SH: 13 Dex: 14

rFire   + . .      SeeInvis .   y - +5 morningstar of Oczuory {vorpal, Contam rPois Str+8 Int+2}
rCold   + . .      Faith    .   A - +0 kite shield
rNeg    . . .      Spirit   .   K - +2 ice dragon scales
rPois   ∞          Reflect  .   C - +2 helmet {Int+3}
rElec   .          Harm     .   J - +1 cloak
rCorr   .          Rampage  .   F - +1 pair of gloves
Will    +....      NoTele   +   (boots unavailable)
Stlth   ..........              (no amulet)
HPRegen 0.29/turn               m - +3 ring of strength
MPRegen 0.00/turn               n - +3 ring of intelligence

@: flying, hasted, very quick
A: sickness immunity, fire resistance 2, cold vulnerability 1, float, innate
caster, hp casting, extra vitality 1
a: Renounce Religion, Minor Destruction, Lesser Servant of Makhleb, Major
Destruction, Greater Servant of Makhleb


You were in the Dungeon.
You worshipped Makhleb.
Makhleb was extremely pleased with you.
You visited 1 branch You collected 1947 gold pieces.
You spent 1920 gold pieces at shops.

Inventory:

Hand Weapons
 b - a +1 scimitar of flaming
 g - a +1 dagger of draining
 i - a +2 scimitar of freezing
 w - a +1 scimitar of flaming
 y - the +5 morningstar of Oczuory (weapon) {vorpal, Contam rPois Str+8 Int+2}
   (You bought it in a shop in the Dungeon)

   It inflicts extra damage upon your enemies.
   Str:       It affects your strength (+8).
   Int:       It affects your intelligence (+2).
   rPois:     It protects you from poison.
   Contam:    It causes magical contamination when unequipped.
 H - the +9 great sword of Qypaogot {venom, rPois Dex+3 SInv}
   (You found it in the Dungeon)

   It poisons the flesh of those it strikes.
   Dex:       It affects your dexterity (+3).
   rPois:     It protects you from poison.
   SInv:      It lets you see invisible.
 I - a +1 double sword
Missiles
 L - 5 javelins
 M - 2 curare-tipped darts
Armour
 a - a +2 leather armour of willpower
 k - a +2 leather armour of cold resistance
 A - a +0 kite shield (worn)
 B - the +2 scale mail of Okawaru's Esteem {-Tele rElec rF+ Int+9}
   (You bought it in a shop in the Dungeon)

   Int:       It affects your intelligence (+9).
   rF:        It protects you from fire.
   rElec:     It insulates you from electricity.
   -Tele:     It prevents most forms of teleportation.
 C - a +2 helmet of intelligence (worn)
 F - a +1 pair of gloves (worn)
 J - a +1 cloak (worn)
 K - +2 ice dragon scales (worn)
Magical Staves
 u - a staff of earth
Jewellery
 c - a ring of protection from cold
 j - a ring of protection from fire
 l - a ring of willpower
 m - a +3 ring of strength (left hand)
 n - a +3 ring of intelligence (right hand)
 G - a ring of ice
Wands
 h - a wand of iceblast (16)
 x - a wand of paralysis (10)
Scrolls
 f - 4 scrolls of blinking
 q - 6 scrolls of enchant weapon
 r - a scroll of holy word
 v - a scroll of identify
 z - 2 scrolls of fear
 E - 3 scrolls of magic mapping
Potions
 d - a potion of haste
 e - 6 potions of curing
 o - 4 potions of might
 p - 7 potions of heal wounds
 s - a potion of berserk rage
 t - a potion of mutation
 D - 3 potions of resistance


   Skills:
 - Level 15.0 Fighting
 + Level 14.6 Maces & Flails
 - Level 7.1 Armour
 - Level 14.6 Dodging
 - Level 1.5 Stealth
 - Level 15.0 Shields
 - Level 12.4 Spellcasting
 - Level 13.4 Invocations
 - Level 7.0 Evocations


You had 6 spell levels left.
You knew the following spells:

 Your Spells              Type           Power      Damage    Failure   Level
a - Summon Lightning Spi  Summ/Air       71%        N/A       1%          4
b - Call Imp              Summ           71%        N/A       1%          2
c - Call Canine Familiar  Summ           71%        N/A       1%          3
d - Ensorcelled Hibernat  Hex/Ice        100%       N/A       1%          2
e - Summon Small Mammal   Summ           100%       N/A       1%          1
f - Beastly Appendage     Tmut           100%       N/A       1%          1
g - Static Discharge      Conj/Air       71%        N/A       1%          2
h - Portal Projectile     Hex/Tloc       100%       N/A       1%          3
i - Agony                 Necr           71%        N/A       1%          5
t - Iskenderun's Battles  Conj           71%        2d12      1%          5
w - Summon Guardian Gole  Hex/Summ       71%        N/A       1%          3
Your spell library was empty.

Dungeon Overview and Level Annotations

Branches:
Dungeon (1/1)

Altars:
Cheibriados
Dithmenos
Elyvilon
Fedhas
Gozag
Hepliaklqana
Kikubaaqudgha
Makhleb
Nemelex Xobeh
Okawaru
Qazlal
Ru
Sif Muna
Trog
Uskayaw
Vehumet
Wu Jian
Xom
Yredelemnul
Zin
The Shining One
Beogh
Jiyva
Lugonu

Shops:
D *[!*


Innate Abilities, Weirdness & Mutations

You are immune to sickness and miasma.
You are immune to poison.
Your flesh is very heat resistant. (rF++)
You are vulnerable to cold. (rC-)
You float through the air rather than walking.
You learn spells naturally, not from books.
Your magical power is your life essence.
You have superior vitality. (+4 HP)


Message History

The Executioner hits you but does no damage. x3
You swap places.
The Executioner closely misses your blizzard demon.
The Executioner hits your blizzard demon.
The Executioner hits your blizzard demon but does no damage.
The Executioner hits your blizzard demon!
The Executioner hits your blizzard demon but does no damage.
The Executioner hits your blizzard demon!
The Executioner hits your blizzard demon!!
The Executioner hits your blizzard demon.
The Executioner hits your blizzard demon but does no damage.
Your blizzard demon gestures at the Executioner.
The bolt of cold hits the Executioner!
The Executioner resists.
The bolt of cold hits the ettin!!
The Executioner hits your blizzard demon!!
Your blizzard demon dies!
Press: ? - help, v - describe, . - travel
Here: an Executioner (heavily wounded, summoned, fast)
The floor.
Unknown command.
You feel yourself speed up. The Executioner hits you!
The Executioner hits you but does no damage.
You block the Executioner's attack. The Executioner hits you!
* * * LOW HITPOINT WARNING * * *
The Executioner barely misses you. You block the Executioner's attack.
The Executioner completely misses you. You block the Executioner's attack.
The Executioner closely misses you.
Casting: Summon Guardian Golem (safe; 1% risk of failure)
Confirm with . or Enter, or press ? or * to list all spells.
A guardian golem appears, shielding your allies.
* * * LOW HITPOINT WARNING * * *
You block the Executioner's attack. The Executioner misses you.
The Executioner hits you but does no damage. x4
A demon appears!
It doesn't seem very happy.
The Executioner hits you!
* * * LOW HITPOINT WARNING * * *
The Executioner hits you but does no damage. x2
The Executioner hits you!
You die...

..)))....)'().......▓
▓▓▓▓▓▓▓▓▓▓▓▓▓▓▓▓▓▓▓▓▓
..))).)))...........▓
▓▓▓▓▓▓▓▓▓▓▓▓▓▓▓▓▓▓▓.▓
..).').†............▓
▓▓▓▓▓▓▓▓▓▓▓▓▓▓▓▓▓▓▓▓▓
....................▓
▓▓▓▓▓▓▓▓▓▓▓▓▓▓▓▓▓▓▓.▓
CC'§.....C.CC.91@1..▓
▓▓▓▓▓▓▓▓▓▓▓▓▓▓▓▓▓▓▓▓▓


You could see a stone giant, 2 ettins, 2 Executioners and a friendly guardian
golem (summoned).

Vanquished Creatures
  Saint Roka (D)
  A stone giant (D)
  Azrael (D)
  2 bunyips (D)
  A spark wasp (D)
  3 hydras (D)
  A rakshasa (D)
  An ice dragon (D)
  A naga warrior (D)
  2 centaur warriors (D)
  Erica (D)
  6 two-headed ogres (D)
  3 ogre magi (D)
  A naga sharpshooter (D)
  Sonja (D)
  A goliath frog (D)
  A naga ritualist (D)
  A harpy (D)
  A wizard (D)
  A mana viper (D)
  An ugly thing (D)
  2 orb spiders (D)
  A wolf spider (D)
  2 will-o-the-wisps (D)
  A necromancer (D)
  A cyclops (D)
  A moth of wrath (D)
  A black mamba (D)
  A cane toad (D)
  2 naga magi (D)
  Maurice (D)
  A komodo dragon (D)
  An efreet (D)
  2 merfolk (D)
  A meliai (D)
  A hornet (D)
  2 blink frogs (D)
  A redback (D)
  Eustachio (D)
  3 fire elementals (D)
  3 vampire mosquitoes (D)
  A naga (D)
  A water moccasin (D)
  A hell hound (D)
  3 orc warriors (D)
  A centaur (D)
  4 ogres (D)
  6 bullfrogs (D)
  A hound (D)
  3 orc priests (D)
  3 orc wizards (D)
  An adder simulacrum (D)
  8 orcs (D)
  A bat zombie (D)
  2 bat simulacra (D)
97 creatures vanquished.

Vanquished Creatures (collateral kills)
  A ghost moth (D)
  Nessos (D)
  A shambling mangrove (D)
  Urug (D)
  2 orc high priests (D)
  An orc knight (D)
  2 manticores (D)
  2 water nymphs (D)
  A komodo dragon (D)
  A demonic crawler (D)
  A merfolk (D)
  2 hornets (D)
  A water elemental (D)
  A yak (D)
  A redback (D)
  A hell hound (D)
  2 water moccasins (D)
  9 orc warriors (D)
  A sky beast (D)
  A wolf (D)
  3 bullfrogs (D)
  2 orc priests (D)
  A dart slug (D)
  2 orcs (D)
  A goblin (D)
  A hobgoblin (D)
  A kobold (D)
  A rat (D)
45 creatures vanquished.

Vanquished Creatures (others)
  An emperor scorpion (D)
  A stone giant (D)
  A centaur warrior (D)
  A two-headed ogre (D)
  A death knight (D)
  A spriggan druid (D)
  A will-o-the-wisp (D)
  A black mamba (D)
  A naga mage (D)
  A rime drake (shapeshifter) (D)
  A shadow (D)
  A wyvern (D)
  A basilisk (D)
  An acid dragon (D)
  A centaur (D)
  A bullfrog (D)
  An orc wizard (D)
  4 foxfires (D)
21 creatures vanquished.

Grand Total: 163 creatures vanquished

Notes
Turn   | Place    | Note
-------+----------+-------------------------------------------
     0 | D        | MikeHunt the Djinni Summoner began the quest for the Orb.
     0 | D        | Reached XP level 1. HP: 15/15 MP: 0/0
    34 | D        | Reached skill level 1 in Fighting
   256 | D        | Noticed a sky beast
   256 | D        | Noticed a hound
   256 | D        | Noticed a centaur
   273 | D        | Killed a centaur
   274 | D        | Reached skill level 5 in Fighting
   274 | D        | Reached skill level 5 in Spellcasting
   274 | D        | Reached XP level 2. HP: 24/28 MP: 0/0
   274 | D        | Reached XP level 3. HP: 29/33 MP: 0/0
   274 | D        | Learned a level 1 spell: Beastly Appendage
   274 | D        | Reached XP level 4. HP: 34/39 MP: 0/0
   277 | D        | Reached XP level 5. HP: 37/46 MP: 0/0
   277 | D        | Learned a level 2 spell: Static Discharge
   303 | D        | Killed a sky beast
   534 | D        | Found a snail-covered altar of Cheibriados.
   534 | D        | Found a shadowy altar of Dithmenos.
   534 | D        | Found a white marble altar of Elyvilon.
   534 | D        | Found a blossoming altar of Fedhas.
   534 | D        | Found an opulent altar of Gozag.
   535 | D        | Found a hazy altar of Hepliaklqana.
   536 | D        | Found a viscous altar of Jiyva.
   538 | D        | Found a corrupted altar of Lugonu.
   539 | D        | Found a burning altar of Makhleb.
   540 | D        | Found a sparkling altar of Nemelex Xobeh.
   541 | D        | Found an iron altar of Okawaru.
   542 | D        | Found a stormy altar of Qazlal.
   543 | D        | Found a sacrificial altar of Ru.
   545 | D        | Found a bloodstained altar of Trog.
   546 | D        | Found a hide-covered altar of Uskayaw.
   547 | D        | Became a worshipper of Makhleb the Destroyer
   549 | D        | Found an ornate altar of the Wu Jian Council.
   550 | D        | Found a shimmering altar of Xom.
   551 | D        | Found a basalt altar of Yredelemnul.
   552 | D        | Found a glowing silver altar of Zin.
   553 | D        | Found a glowing golden altar of the Shining One.
   594 | D        | Noticed a shadow
   594 | D        | Noticed a two-headed ogre
   594 | D        | Noticed a centaur
   594 | D        | Noticed a wyvern
   600 | D        | Killed a wyvern
   601 | D        | Reached XP level 6. HP: 49/55 MP: 0/0
   615 | D        | Killed a two-headed ogre
   616 | D        | Reached skill level 10 in Fighting
   616 | D        | Reached XP level 7. HP: 52/63 MP: 0/0
   616 | D        | Learned a level 2 spell: Ensorcelled Hibernation
   616 | D        | Reached XP level 8. HP: 56/68 MP: 0/0
   623 | D        | Reached * piety under Makhleb
   627 | D        | Killed a shadow
   746 | D        | Reached ** piety under Makhleb
   867 | D        | Noticed a six-headed hydra
   867 | D        | Noticed an efreet
   867 | D        | Noticed a centaur warrior
   867 | D        | Noticed a centaur warrior
   867 | D        | Noticed a death knight
   882 | D        | Reached skill level 1 in Evocations
   883 | D        | Killed a death knight
   884 | D        | Reached XP level 9. HP: 38/76 MP: 0/0
   884 | D        | Learned a level 3 spell: Portal Projectile
   924 | D        | Killed a centaur warrior
   925 | D        | Reached skill level 10 in Dodging
   925 | D        | Reached skill level 5 in Evocations
   929 | D        | Killed a centaur warrior
   930 | D        | Reached skill level 10 in Spellcasting
   930 | D        | Reached XP level 10. HP: 35/84 MP: 0/0
   930 | D        | Killed a six-headed hydra
   930 | D        | Reached *** piety under Makhleb
  1093 | D        | Killed an efreet
  1484 | D        | Noticed a komodo dragon
  1487 | D        | Noticed a seven-headed hydra
  1489 | D        | Reached skill level 10 in Invocations
  1530 | D        | Reached **** piety under Makhleb
  1535 | D        | Killed a komodo dragon
  1537 | D        | Killed a seven-headed hydra
  1611 | D        | Reached ***** piety under Makhleb
  1632 | D        | Noticed a black mamba
  1655 | D        | Noticed a komodo dragon
  1666 | D        | Killed a black mamba
  1669 | D        | Killed a komodo dragon
  1670 | D        | Reached XP level 11. HP: 61/92 MP: 0/0
  1670 | D        | Learned a level 5 spell: Iskenderun's Battlesphere
  1950 | D        | Reached ****** piety under Makhleb
  2230 | D        | Noticed Erica
  2236 | D        | Killed Erica
  2381 | D        | Noticed Eustachio
  2383 | D        | Killed Eustachio
  2461 | D        | Reached skill level 1 in Armour
  2805 | D        | Noticed an orc high priest
  2811 | D        | Killed an orc high priest
  2815 | D        | Noticed an orc knight
  2816 | D        | Noticed an orc high priest
  2820 | D        | Killed an orc knight
  2823 | D        | Killed an orc high priest
  3019 | D        | Found Qaonwoah's General Store.
  3019 | D        | Noticed an ogre mage
  3019 | D        | Noticed an ogre mage
  3019 | D        | Noticed a two-headed ogre
  3019 | D        | Noticed a two-headed ogre
  3028 | D        | Killed a two-headed ogre
  3029 | D        | Killed an ogre mage
  3032 | D        | Killed an ogre mage
  3033 | D        | Reached skill level 5 in Armour
  3033 | D        | Reached XP level 12. HP: 88/101 MP: 0/0
  3033 | D        | Noticed an ogre mage
  3034 | D        | Killed a two-headed ogre
  3034 | D        | Noticed a two-headed ogre
  3036 | D        | Killed an ogre mage
  3038 | D        | Killed a two-headed ogre
  3071 | D        | Noticed a two-headed ogre
  3074 | D        | Killed a two-headed ogre
  3213 | D        | Found Faun Qusyrots's Distillery.
  3217 | D        | Found Unkih's Antique Armour Boutique.
  3221 | D        | Found Puetzol's General Store.
  3224 | D        | Bought a wand of paralysis (5) for 77 gold pieces
  3224 | D        | Noticed a two-headed ogre
  3226 | D        | Noticed a two-headed ogre
  3228 | D        | Killed a two-headed ogre
  3228 | D        | Killed a two-headed ogre
  3229 | D        | Reached skill level 15 in Fighting
  3254 | D        | Bought the +5 morningstar of Oczuory {vorpal, Contam rPois
                  | Str+8 Int+2} for 576 gold pieces
  3254 | D        | Bought a scroll of enchant armour for 75 gold pieces
  3256 | D        | Bought a kite shield for 99 gold pieces
  3256 | D        | Bought a polished scale mail for 198 gold pieces
  3256 | D        | Identified the +2 scale mail of Okawaru's Esteem {-Tele
                  | rElec rF+ Int+9} (You bought it in a shop in the Dungeon)
  3256 | D        | Bought a shiny helmet for 165 gold pieces
  3258 | D        | Bought a potion of heal wounds for 70 gold pieces
  3258 | D        | Bought a potion of heal wounds for 70 gold pieces
  3258 | D        | Bought 2 potions of resistance for 280 gold pieces
  3258 | D        | Bought a potion of haste for 140 gold pieces
  3260 | D        | Bought a potion of heal wounds for 55 gold pieces
  3260 | D        | Bought 3 scrolls of magic mapping for 115 gold pieces
  3347 | D        | Noticed Maurice
  3351 | D        | Killed Maurice
  3507 | D        | Got the +9 great sword of Qypaogot {venom, rPois Dex+3
                  | SInv}
  3593 | D        | Noticed a centaur warrior
  3611 | D        | Killed a centaur warrior
  3615 | D        | Noticed a stone giant
  3687 | D        | Killed a stone giant
  3923 | D        | Noticed an ice dragon
  4124 | D        | Killed an ice dragon
  4125 | D        | Reached skill level 10 in Shields
  4125 | D        | Reached XP level 13. HP: 89/107 MP: 0/0
  4125 | D        | Learned a level 5 spell: Agony
  4210 | D        | Noticed a spark wasp
  4218 | D        | Killed a spark wasp
  4241 | D        | Noticed a rakshasa
  4248 | D        | Killed a rakshasa
  4421 | D        | Noticed a stone giant
  4424 | D        | Killed a stone giant
  4671 | D        | Noticed Nessos
  4678 | D        | Killed Nessos
  4849 | D        | Noticed Urug
  4856 | D        | Killed Urug
  4897 | D        | Noticed Saint Roka
  4906 | D        | Killed Saint Roka
  4911 | D        | Reached skill level 15 in Shields
  4947 | D        | Reached skill level 1 in Maces & Flails
  4965 | D        | Reached skill level 5 in Maces & Flails
  5131 | D        | Noticed a naga warrior
  5139 | D        | Killed a naga warrior
  5409 | D        | Noticed an eight-headed hydra
  5409 | D        | Noticed a bunyip
  5409 | D        | Noticed a bunyip
  5423 | D        | Reached skill level 10 in Maces & Flails
  5423 | D        | Killed an eight-headed hydra
  5424 | D        | Reached XP level 14. HP: 83/114 MP: 0/0
  5424 | D        | Killed a bunyip
  5425 | D        | Killed a bunyip
  5572 | D        | Killed a ghost moth
  5791 | D        | Noticed an emperor scorpion
  5825 | D        | Killed an emperor scorpion
  6126 | D        | Noticed Sonja
  6128 | D        | Killed Sonja
  6206 | D        | Noticed Azrael
  6217 | D        | Killed Azrael
  6266 | D        | Noticed a purple very ugly thing
  6266 | D        | Noticed a stone giant
  6266 | D        | Noticed a stone giant
  6267 | D        | Noticed an Executioner
  6279 | D        | Noticed an Executioner
  6279 | D        | HP: 5/114 [Executioner[the player character] (14)]
  6279 | D        | Slain by an Executioner

Illustrated notes

Levels and vault maps discovered:
D:        linesprint [early_d, line_temple, items_1, d_10, items_2, lair_1,
          lair_end, items_3, orc_1, orc_end, items_4, d_15, swamp_1, shoals_1,
          snake_1, spider_1, d_20, vaults_1, items_5, swamp_end, shoals_end,
          snake_end, spider_end, vaults_end, d_27, items_6, zot_1, zot_end,
          crypt_end, forest_end, elf_end, slime_end, tomb_end, abyss_end,
          pan_hell_end]

Skill      XL: |  1  2  3  4  5  6  7  8  9 10 11 12 13 14 |
---------------+-------------------------------------------+-----
Fighting       | 5 6 8 10 11 13 14 15 | 15.0
Spellcasting   | 5 6 7 8 9 10 11 12 | 12.4
Dodging        | 4 7 9 10 12 13 14 | 14.6
Invocations    | 3 6 8 9 10 12 13 | 13.4
Evocations     | 3 5 7 |  7.0
Armour         | 5 7 |  7.1
Shields        | 10 15 | 15.0
Maces & Flails | 10 14 | 14.6
Stealth        | |  1.5

Action                   |  1- 3 |  4- 6 |  7- 9 | 10-12 | 13-15 || total
-------------------------+-------+-------+-------+-------+-------++-------
Melee: Dagger            |     3 |    11 |     7 |       |       ||    21
       Morningstar       |       |       |       |       |    24 ||    24
 Cast: Summon Small Mamm |    19 |       |       |       |       ||    19
       Call Imp          |       |     3 |     4 |       |       ||     7
       Summon Guardian G |       |     3 |     8 |    13 |     7 ||    31
       Summon Lightning  |       |       |     2 |     2 |       ||     4
       Call Canine Famil |       |       |       |    10 |       ||    10
       Static Discharge  |       |       |       |    10 |       ||    10
Invok: Major Destruction |       |       |       |    59 |    64 ||   123
       Minor Destruction |       |       |       |     7 |     2 ||     9
       Greater Servant o |       |       |       |     1 |    11 ||    12
       Lesser Servant of |       |       |       |     1 |       ||     1
Evoke: Wand              |       |       |     5 |     1 |       ||     6
  Use: Potion            |     2 |     1 |     3 |       |     1 ||     7
       Scroll            |       |       |     1 |     3 |     1 ||     5
Armor: Robe              |       |       |     3 |     2 |       ||     5
       Ice dragon scales |       |       |       |       |    26 ||    26
Dodge: Dodged            |    10 |     4 |    17 |    19 |    28 ||    78
Block: Kite shield       |       |       |       |     1 |    44 ||    45

Table legend: (Time is in decaauts)
 A = Elapsed time spent in this place.
 B = Non-inter-level travel time spent in this place.
 C = Inter-level travel time spent in this place.
 D = Time resting spent in this place.
 E = Time spent auto-exploring this place.
 F = Levels seen in this place.
 G = Mean time per level.
                   A        B        C        D        E       F      G
               +--------+--------+--------+--------+--------+-----+--------+
         Total |   6280 |   6280 |      0 |   3886 |      0 |   1 | 6280.0 |
       Dungeon |   6280 |   6280 |      0 |   3886 |      0 |   1 | 6280.0 |
               +--------+--------+--------+--------+--------+-----+--------+

Top non-repeatable levels by time:
       D: 6280 daAuts
